 Dungeon Crawl Stone Soup version 0.28-a0-1429-gf3d713df7a (webtiles) character file.

Game seed: 14937907884420757718

1657 hito the Prestidigitator (level 9, 0/68 HPs)
             Began as a Gnoll Wanderer on Jan 9, 2022.
             Was a Follower of Vehumet.
             Slain by a manticore (2 damage)
             ... on level 6 of the Dungeon.
             The game lasted 00:19:45 (8209 turns).

hito the Prestidigitator (Gnoll Wanderer)           Turns: 8209, Time: 00:19:45

Health: 0/68       AC:  6    Str: 13    XL:     9   Next: 0%
Magic:  15/16      EV: 16    Int: 17    God:    Vehumet [*.....]
Gold:   223        SH:  0    Dex:  9    Spells: 7/17 levels left

rFire   + . .      SeeInvis .   r - +1 spear (venom)
rCold   . . .      Faith    .   (no shield)
rNeg    . . .      Spirit   .   b - +0 robe
rPois   .          Reflect  .   (no helmet)
rElec   .          Harm     .   l - +2 cloak
rCorr   .          Rampage  .   v - +0 pair of gloves
Will    .....                   (no boots)
Stlth   ++........              (no amulet)
HPRegen 0.21/turn               t - ring of flight
MPRegen 0.15/turn               y - ring of False Pretenses {rF+ EV+4}

@: mighty, spiked, attractive, flying, studying Fighting, invisible
A: fangs 1, strong nose, distributed training
a: Renounce Religion


You were on level 6 of the Dungeon.
You worshipped Vehumet.
Vehumet was aware of your devotion.
You visited 2 branches of the dungeon, and saw 7 of its levels.

You collected 223 gold pieces.

Inventory:

Hand Weapons
 r - a +1 spear of venom (weapon)
 A - a +2 flail of protection
 B - a +0 long sword of holy wrath
Missiles
 d - 7 boomerangs
 f - 86 stones
 g - 11 poisoned darts
Armour
 b - a +0 robe (worn)
 l - a +2 cloak (worn)
 v - a +0 pair of gloves (worn)
Jewellery
 s - a ring of ice
 t - a ring of flight (left hand)
 y - the ring of False Pretenses (right hand) {rF+ EV+4}
   (You found it on level 5 of the Dungeon)

   [ring of evasion]

   EV:        It affects your evasion (+4).
   rF:        It protects you from fire.
Wands
 c - a wand of flame (4) (quivered)
 z - a wand of paralysis (5)
Scrolls
 a - a scroll of magic mapping
 e - 2 scrolls of teleportation {unknown}
 j - a scroll of noise
 p - a scroll of fear
 u - a scroll of torment {unknown}
 w - a scroll of fog {unknown}
 x - a scroll of vulnerability {unknown}
Potions
 h - a potion of invisibility
 i - 4 potions of might
 m - a potion of attraction
 o - a potion of lignification {unknown}
 q - a potion of heal wounds {unknown}


   Skills:
 + Level 5.0 Fighting
 + Level 3.7 Short Blades
 + Level 3.7 Long Blades
 + Level 3.7 Axes
 + Level 3.7 Maces & Flails
 + Level 3.7 Polearms
 + Level 3.7 Staves
 + Level 3.7 Slings
 + Level 3.7 Bows
 + Level 3.7 Crossbows
 + Level 3.7 Throwing
 + Level 3.7 Armour
 + Level 3.7 Dodging
 + Level 3.7 Stealth
 + Level 3.7 Shields
 + Level 3.7 Unarmed Combat
 + Level 4.7 Spellcasting
 + Level 3.1 Conjurations
 + Level 3.8 Hexes
 + Level 3.1 Summonings
 + Level 3.1 Necromancy
 + Level 3.1 Translocations
 + Level 3.1 Transmutations
 + Level 7.8 Fire Magic
 + Level 3.1 Ice Magic
 + Level 3.1 Air Magic
 + Level 3.1 Earth Magic
 + Level 3.1 Poison Magic
 + Level 4.1 Invocations
 + Level 9.4 Evocations


You had 7 spell levels left.
You knew the following spells:

 Your Spells              Type           Power      Damage    Failure   Level
a - Foxfire               Conj/Fire      88%        2x1d8     1%          1
b - Scorch                Fire           60%        2d8       1%          2
c - Conjure Flame         Conj/Fire      22%        6-21      4%          3
d - Animate Skeleton      Necr           28%        N/A       4%          1
e - Vampiric Draining     Necr           14%        2d7       12%         3

Your spell library contained the following spells:

 Spells                   Type           Power      Damage    Failure   Level
 Freeze                   Ice            56%        1d7       4%          1
 Slow                     Hex            68%        N/A       3%          1
 Pain                     Necr           56%        1d6       4%          1
 Inner Flame              Hex/Fire       23%        N/A       4%          3
 Dazzling Flash           Conj/Hex       30%        N/A       11%         3
 Cause Fear               Hex            8%         N/A       30%         4
 Silence                  Hex/Air        7%         N/A       67%         5
 Agony                    Necr           14%        N/A       75%         5
 Discord                  Hex            8%         N/A       100%        8


Dungeon Overview and Level Annotations

Branches:
Dungeon (6/15)             Temple (1/1) D:5

Altars:
Kikubaaqudgha
Makhleb
Nemelex Xobeh
Qazlal
Ru
Sif Muna
Trog
Uskayaw
Vehumet
Wu Jian
Xom
Zin
The Shining One

Annotations:
D:6 Pikel


Innate Abilities, Weirdness & Mutations

You have very sharp teeth.
Your uncanny sense of smell can sniff out nearby items.
Your experience applies equally to all skills.


Message History

The barbed spikes dig painfully into your body as you move.
The fire ignites!
The barbed spikes dig painfully into your body as you move.
Your orc skeleton hits the manticore with a +0 dagger.
The barbed spikes dig painfully into your body as you move.
The manticore barely misses your orc skeleton. x2
The manticore claws your orc skeleton.
The barbed spikes dig painfully into your body as you move.
Your orc skeleton barely misses the manticore.
The manticore flicks its tail.
The volley of spikes hits your orc skeleton!!
Your orc skeleton is destroyed!
The barbed spikes dig painfully into your body as you move.
* * * LOW HITPOINT WARNING * * *
As you read the scroll labelled XOANWUSMUR, it crumbles to dust.
You hear a loud clanging noise!
It was a scroll of noise.
You carefully extract the barbed spikes from your body.
The manticore is engulfed in blazing flames.
You see here a water moccasin skeleton.
The manticore flicks its tail.
The volley of spikes hits you!
The barbed spikes become lodged in your body.
* * * LOW HITPOINT WARNING * * *
Okay, then.
Unknown command.
It was a potion of attraction.
You feel attractive to monsters. The manticore is attracted toward you.
You feel very mighty all of a sudden. The manticore bites you!
* * * LOW HITPOINT WARNING * * *
The manticore completely misses you. The manticore misses you.
It was a potion of invisibility.
You fade into invisibility!
The manticore misses you. The manticore barely misses you. x2
You completely miss the manticore.
The manticore is moderately wounded.
The manticore closely misses you. x2; The manticore claws you.
You die...

#* #........## #.# .#*
##.......# ### #.## ..*
#.......# #.####..# H.#*
##.....## #...##..# ...*
#.....# ##...##.#
...#####)..## #....#)#
....)...####### #.....)#
....#.........#########......#
...######...§.÷H@....###.....#
..#* #####................#
..* #####............## ##*
####..........# #####......#
####...# #####


You could see a manticore.

Vanquished Creatures
  A water moccasin (D:6)
  An ogre (D:5)
  2 orc warriors
  2 sky beasts
  A centaur (D:6)
  A phantom (D:4)
  A lemure (D:6)
  5 scorpions
  A water moccasin skeleton (D:5)
  A howler monkey (D:4)
  A bullfrog zombie (D:5)
  2 hounds (D:4)
  2 orc priests (D:5)
  2 iguanas (D:5)
  Natasha (thrice) (D:4)
  4 orc wizards
  2 howler monkey zombies
  3 adders
  3 gnolls (D:3)
  A white imp (D:6)
  2 worms (D:2)
  4 dart slugs
  18 orcs
  4 endoplasms
  5 giant cockroaches
  4 goblins
  A hobgoblin (D:4)
  7 jackals
  7 kobolds
  4 quokkas
  13 ball pythons
  3 bats
  3 frilled lizards
  5 rats
119 creatures vanquished.

Vanquished Creatures (others)
  25 foxfires
25 creatures vanquished.

Grand Total: 144 creatures vanquished

Notes
Turn   | Place    | Note
-------+----------+-------------------------------------------
     0 | D:1      | hito the Gnoll Wanderer began the quest for the Orb.
     0 | D:1      | hito set off with the following items: a +0 club, a +0
                  | robe, a wand of flame (5); and the following spells
                  | available to memorise: Scorch, Foxfire, Slow, Conjure
                  | Flame, Dazzling Flash
     0 | D:1      | Reached XP level 1. HP: 13/13 MP: 4/4
     2 | D:1      | Learned a level 1 spell: Foxfire
   574 | D:1      | Reached XP level 2. HP: 19/19 MP: 0/5
   623 | D:1      | Learned a level 2 spell: Scorch
   673 | D:1      | Found a faded altar of an unknown god.
  1141 | D:1      | Reached XP level 3. HP: 25/25 MP: 4/7
  1150 | D:1      | Learned a level 3 spell: Conjure Flame
  1766 | D:2      | Reached skill level 1 in Invocations
  1980 | D:2      | Reached skill level 1 in Fighting
  1980 | D:2      | Reached skill level 1 in Short Blades
  1980 | D:2      | Reached skill level 1 in Long Blades
  1980 | D:2      | Reached skill level 1 in Axes
  1980 | D:2      | Reached skill level 1 in Maces & Flails
  1980 | D:2      | Reached skill level 1 in Polearms
  1980 | D:2      | Reached skill level 1 in Staves
  1980 | D:2      | Reached skill level 1 in Slings
  1980 | D:2      | Reached skill level 1 in Bows
  1980 | D:2      | Reached skill level 1 in Crossbows
  1980 | D:2      | Reached skill level 1 in Throwing
  1980 | D:2      | Reached skill level 1 in Armour
  1980 | D:2      | Reached skill level 1 in Dodging
  1980 | D:2      | Reached skill level 1 in Stealth
  1980 | D:2      | Reached skill level 1 in Shields
  1980 | D:2      | Reached skill level 1 in Unarmed Combat
  2212 | D:2      | Reached XP level 4. HP: 32/32 MP: 3/8
  3271 | D:3      | Reached skill level 1 in Conjurations
  3271 | D:3      | Reached skill level 1 in Summonings
  3271 | D:3      | Reached skill level 1 in Necromancy
  3271 | D:3      | Reached skill level 1 in Translocations
  3271 | D:3      | Reached skill level 1 in Transmutations
  3271 | D:3      | Reached skill level 1 in Ice Magic
  3271 | D:3      | Reached skill level 1 in Air Magic
  3271 | D:3      | Reached skill level 1 in Earth Magic
  3271 | D:3      | Reached skill level 1 in Poison Magic
  3847 | D:4      | Reached XP level 5. HP: 33/37 MP: 4/9
  3953 | D:4      | Learned a level 1 spell: Animate Skeleton
  4043 | D:4      | Noticed a sky beast
  4050 | D:4      | Killed a sky beast
  4051 | D:4      | Reached XP level 6. HP: 34/44 MP: 0/11
  4188 | D:4      | Noticed Natasha
  4192 | D:4      | Killed Natasha
  4323 | D:4      | Found a glowing golden altar of the Shining One.
  4327 | D:4      | Noticed Natasha
  4334 | D:4      | Killed Natasha
  4615 | D:4      | Reached XP level 7. HP: 43/51 MP: 0/12
  4642 | D:4      | Noticed Natasha
  4657 | D:4      | Killed Natasha
  4957 | D:5      | Entered Level 5 of the Dungeon
  5308 | D:5      | Found a staircase to the Ecumenical Temple.
  5331 | D:5      | Reached skill level 9 in Evocations
  5530 | Temple   | Entered the Ecumenical Temple
  5725 | Temple   | Became a worshipper of Vehumet
  5938 | D:5      | Identified the ring of False Pretenses {rF+ EV+4}
  5956 | D:5      | Reached XP level 8. HP: 24/59 MP: 0/14
  7299 | D:6      | Noticed Pikel
  8096 | D:6      | Learned a level 3 spell: Vampiric Draining
  8151 | D:6      | Reached skill level 5 in Fighting
  8151 | D:6      | Reached XP level 9. HP: 60/68 MP: 13/16
  8157 | D:6      | Reached * piety under Vehumet
  8157 | D:6      | Offered knowledge of Freeze by Vehumet.
  8189 | D:6      | Noticed a manticore
  8207 | D:6      | HP: 1/68 [manticore (9)]
  8209 | D:6      | Slain by a manticore

Illustrated notes

Levels and vault maps discovered:
D:1:      tarquinn_simple_flora_water_f, layout_basic,
          ebering_ecumenical_altar_sacrificial
D:2:      layout_loops_ring, hangedman_decor_clover_reticule, minmay_ruptured
D:3:      layout_basic
D:4:      layout_loops_cross, nicolae_tso_carved_into_rock,
          nicolae_concentric_dashed_squares_mild, st_stairs_1,
          minmay_manual_mail, uniq_natasha
D:5:      layout_basic, minmay_temple_entry_ruins
D:6:      layout_cave_pods, uniq_maggie, uniq_edmund, uniq_pikel
Temple:   mainiacjoe_temple_big_plus

Skill      XL: |  1  2  3  4  5  6  7  8 |
---------------+-------------------------+-----
Hexes          | 2 3 |  3.8
Invocations    | 1 2 3 4 |  4.1
Fighting       | 1 2 3 5 |  5.0
Short Blades   | 1 2 3 |  3.7
Long Blades    | 1 2 3 |  3.7
Axes           | 1 2 3 |  3.7
Maces & Flails | 1 2 3 |  3.7
Polearms       | 1 2 3 |  3.7
Staves         | 1 2 3 |  3.7
Slings         | 1 2 3 |  3.7
Bows           | 1 2 3 |  3.7
Crossbows      | 1 2 3 |  3.7
Throwing       | 1 2 3 |  3.7
Armour         | 1 2 3 |  3.7
Dodging        | 1 2 3 |  3.7
Stealth        | 1 2 3 |  3.7
Shields        | 1 2 3 |  3.7
Unarmed Combat | 1 2 3 |  3.7
Spellcasting   | 3 4 |  4.7
Conjurations   | 1 2 3 |  3.1
Summonings     | 1 2 3 |  3.1
Necromancy     | 1 2 3 |  3.1
Translocations | 1 2 3 |  3.1
Transmutations | 1 2 3 |  3.1
Ice Magic      | 1 2 3 |  3.1
Air Magic      | 1 2 3 |  3.1
Earth Magic    | 1 2 3 |  3.1
Poison Magic   | 1 2 3 |  3.1
Evocations     | 9 |  9.4
Fire Magic     | |  7.8

Action                   |  1- 3 |  4- 6 |  7- 9 || total
-------------------------+-------+-------+-------++-------
Melee: Club              |    21 |       |       ||    21
       Bite              |     9 |     4 |    19 ||    32
       Short sword       |    22 |    10 |       ||    32
       Spear             |       |    22 |   146 ||   168
       Punch             |       |     1 |     5 ||     6
 Cast: Foxfire           |    14 |     1 |     4 ||    19
       Scorch            |    25 |    30 |    57 ||   112
       Conjure Flame     |       |     1 |     5 ||     6
       Animate Skeleton  |       |       |     1 ||     1
Evoke: Wand              |       |       |     1 ||     1
  Use: Scroll            |       |       |     5 ||     5
       Potion            |       |       |     3 ||     3
 Stab: Sleeping          |     1 |     2 |     1 ||     4
Armor: Robe              |    19 |    14 |    41 ||    74
Dodge: Dodged            |    42 |    18 |   133 ||   193

Table legend: (Time is in decaauts)
 A = Elapsed time spent in this place.
 B = Non-inter-level travel time spent in this place.
 C = Inter-level travel time spent in this place.
 D = Time resting spent in this place.
 E = Time spent auto-exploring this place.
 F = Levels seen in this place.
 G = Mean time per level.
                   A        B        C        D        E       F      G
               +--------+--------+--------+--------+--------+-----+--------+
         Total |   8215 |   8008 |    207 |   3097 |   3551 |   7 | 1173.6 |
       Dungeon |   7981 |   7812 |    169 |   3097 |   3370 |   6 | 1330.2 |
        Temple |    233 |    195 |     38 |      0 |    181 |   1 |  233.0 |
               +--------+--------+--------+--------+--------+-----+--------+

Top non-repeatable levels by time:
     D:5: 1955 daAuts
     D:1: 1557 daAuts
     D:4: 1423 daAuts
     D:2: 1224 daAuts
     D:3: 1033 daAuts
     D:6: 787 daAuts
  Temple: 233 daAuts
